Map: Catalyst LE

Players

Bly - Winner!

  • Race: Zerg Zerg
  • Spawn Location: 5:00

PandaBearMe

  • Race: Zerg Zerg
  • Spawn Location: 11:00

Event: WCS Austin 2018

VOD

Have the link to the VOD?

Description

Time

  • Played on: June 1, 2018, 8:17 p.m.
  • Length: 11:13

All games in this series

Show
View Real Time Build Order
Export as new Build Order

Bly Zerg - Winner!

Build Orders: Pool First 

Get SALT Encoding   

  12  0:17  Spawning Pool  
  11  0:23  Drone  
  11  0:27  Drone  
  13  0:31  Drone  
  14  0:41  Overlord  
  15  1:04  Zergling x4  
  15  1:06  Zergling x2  
  17  1:17  Zergling x2  
  18  1:19  Hatchery  
  17  1:27  Zergling x2  
  18  1:34  Queen  
  18  1:38  Zergling x2  
  21  1:51  Overlord  
  21  2:08  Spine Crawler  
  21  2:10  Queen  
  22  2:26  Drone x2  
  22  2:27  Spine Crawler  
  22  2:31  Zergling x2  
  19  2:43  Zergling x6  
  21  2:59  Zergling x2  
  21  3:01  Queen  
  24  3:07  Drone  
  24  3:08  Drone  
  26  3:15  Drone x2  
  28  3:25  Drone x2  
  30  3:31  Drone x2  
  32  3:34  Extractor  
  31  3:44  Drone  
  31  3:45  Drone  
  31  3:47  Drone  
  34  4:01  Drone  
  34  4:02  Drone  
  36  4:08  Overlord  
  35  4:10  Overlord  
  33  4:20  Drone x3  
  35  4:24  Drone  
  35  4:26  Overlord  
  35  4:30  Extractor  
  34  4:40  Drone x5  
  34  4:41  Drone x4  
  34  4:43  Drone  
  45  4:52  Drone  
  45  4:53  Drone  
  44  5:05  Drone x2  
  44  5:07  Drone x3  
  48  5:15  Drone  
  48  5:17  Drone x2  
  48  5:19  Hatchery  
  48  5:20  Extractor  
  49  5:22  Roach Warren  
  49  5:26  Lair  
  48  5:33  Zergling x2  
  48  5:34  Zergling x6  
  53  5:42  Evolution Chamber  
  51  5:43  Evolution Chamber  
  50  5:50  Drone x4  
  50  5:51  Overlord x2  
  50  5:52  Extractor  
  53  6:05  Drone x2  
  53  6:06  Drone x2  
  47  6:19  Roach x2  
  47  6:20  Zerg Missile Weapons Level 1  
  47  6:25  Spire, Glial Reconstitution, Roach x2  
  54  6:30  Overseer  
  54  6:40  Roach x2  
  58  6:47  Drone  
  58  6:48  Drone x3  
  62  6:58  Roach  
  62  6:59  Roach  
  66  7:02  Roach  
  66  7:04  Zerg Ground Armor Level 1  
  68  7:10  Roach  
  70  7:16  Roach x2  
  70  7:22  Roach  
  76  7:23  Overlord x2  
  76  7:25  Burrow  
  76  7:36  Overlord  
  76  7:50  Mutalisk  
  76  7:51  Mutalisk x3  
  78  7:53  Mutalisk  
  78  7:58  Hatchery  
  84  8:06  Roach x5  
  84  8:10  Overlord  
  94  8:24  Mutalisk x2  
  94  8:26  Overlord  
  97  8:27  Drone x2  
  97  8:31  Overlord  
  97  8:32  Overlord  
  99  8:36  Roach x18  
  99  8:37  Overlord  
  99  8:39  Zerg Missile Weapons Level 2  
  97  8:43  Overlord  
  97  9:01  Roach x18  
  97  9:07  Drone x5  
  97  9:08  Drone x3  
  105  9:15  Hatchery  
  104  9:26  Roach x4  
  112  9:37  Roach  
  112  9:38  Roach x6  
  126  9:46  Queen  
  126  9:59  Roach x11  
  106  10:03  Roach x7  
  114  10:10  Queen  
  114  10:13  Roach x4  
  116  10:15  Roach x2  
  116  10:20  Roach  
  120  10:23  Roach x2  
  106  10:48  Spore Crawler x2  
  104  10:50  Hydralisk Den  
  109  10:57  Spore Crawler  
  106  11:10  Spore Crawler  
Show
View Real Time Build Order
Export as new Build Order

PandaBearMe Zerg 

Build Orders: 1 Base Baneling Bust, Pool First 

Get SALT Encoding   

  12  0:08  Extractor  
  11  0:20  Spawning Pool  
  10  0:24  Drone  
  11  0:29  Drone  
  12  0:36  Drone  
  13  0:48  Overlord  
  13  1:08  Zergling x6  
  16  1:14  Metabolic Boost  
  16  1:20  Zergling x2  
  17  1:31  Baneling Nest  
  16  1:36  Zergling x2  
  17  1:52  Queen  
  19  1:59  Drone  
  20  2:13  Overlord, Drone  
  20  2:14  Drone  
  22  2:20  Baneling x2  
  22  2:27  Overlord  
  19  2:40  Zergling x2  
  20  2:54  Hatchery  
  20  2:55  Zergling x2  
  20  3:08  Drone x3  
  22  3:17  Drone  
  22  3:18  Drone  
  24  3:34  Drone x3, Zergling x2  
  25  3:39  Queen  
  30  3:48  Drone  
  31  3:54  Drone  
  32  3:57  Evolution Chamber  
  31  4:09  Zergling x2  
  31  4:10  Zergling x6  
  34  4:27  Drone x3  
  36  4:34  Drone  
  37  4:39  Hatchery  
  36  4:51  Zergling x2  
  36  4:52  Zergling x12  
  40  5:05  Zergling x8  
  43  5:12  Overlord  
  43  5:15  Zergling x2  
  43  5:19  Evolution Chamber  
  42  5:21  Overlord  
  42  5:26  Baneling x4  
  42  5:28  Zergling x2  
  42  5:31  Zergling x2  
  42  5:34  Zergling x4  
  42  5:35  Zergling x2  
  47  5:37  Baneling x3  
  47  5:38  Baneling  
  47  5:41  Baneling x3  
  47  5:44  Zergling x2  
  47  5:45  Zergling x2  
  49  5:51  Zerg Melee Weapons Level 1  
  46  6:00  Drone x5  
  51  6:06  Zergling x2  
  51  6:13  Drone  
  51  6:14  Drone x3  
  51  6:16  Drone  
  54  6:20  Drone  
  55  6:26  Drone x2  
  55  6:28  Evolution Chamber  
  56  6:33  Drone x4  
  56  6:37  Queen  
  62  6:42  Overlord  
  62  6:46  Overlord, Unknown  
  62  6:47  Zergling x2  
  62  6:48  Zergling x2  
  62  6:49  Zergling x2  
  62  6:53  Lair  
  65  6:58  Extractor  
  64  7:02  Drone x5  
  64  7:06  Drone x2  
  71  7:13  Drone  
  72  7:18  Extractor x2  
  72  7:21  Drone x7  
  77  7:27  Drone x4  
  77  7:29  Overlord  
  81  7:32  Extractor  
  81  7:35  Extractor  
  79  7:43  Zerg Ground Armor Level 1  
  79  7:44  Overlord  
  79  7:45  Zergling x2  
  79  7:46  Zergling x4  
  79  7:48  Zergling x8  
  79  7:49  Zergling x2  
  87  7:52  Overlord  
  87  7:53  Zergling x2  
  87  7:56  Zergling x2  
  87  7:58  Zergling x4  
  90  8:05  Spire  
  88  8:08  Zergling x2  
  88  8:09  Zergling x4  
  88  8:11  Zergling x4  
  91  8:24  Zergling x18  
  100  8:31  Overlord  
  99  8:36  Overlord  
  89  8:56  Zergling x14  
  89  8:57  Zergling x2  
  80  9:18  Mutalisk x6  
  80  9:21  Mutalisk  
  90  9:25  Mutalisk x3  
  90  9:27  Mutalisk  
  90  9:29  Mutalisk x3  
  95  9:34  Mutalisk  
  95  9:35  Hatchery  
  93  9:38  Mutalisk  
  93  9:40  Zergling x2  
  91  9:51  Mutalisk  
  82  9:53  Zergling x6  
  79  10:07  Zergling x2  
  79  10:10  Overseer  
  80  10:17  Mutalisk  
  77  10:22  Drone  
  70  10:35  Overseer  
  69  10:48  Drone x2  
  69  11:04  Hatchery  
Tags
 
Add a new tag
Caveats
  • Supply blocks, unpowered buildings, or Contaminate may cause inaccurate times.
  • Supply counts are checked every 10 seconds.